 Dungeon Crawl Stone Soup version 0.30-a0-29-g142975f185 (webtiles) character file.

Game seed: 13886783275833705585

3713 Flugkiller the Cleaver (level 9, -29/82 HPs)
             Began as a Minotaur Fighter on Aug 25, 2022.
             Was a Priest of Qazlal.
             Killed from afar by a fire dragon (44 damage)
             ... with a blast of flame
             ... on level 8 of the Dungeon.
             The game lasted 00:04:10 (6875 turns).

Flugkiller the Cleaver (Minotaur Fighter)           Turns: 6875, Time: 00:04:10

Health: -29/82     AC: 16    Str: 21    XL:     9   Next: 91%
Magic:  0/11       EV:  9    Int:  5    God:    Qazlal [***...]
Gold:   439        SH:  4    Dex: 14    Spells: 8/8 levels left

rFire   . . .      SeeInvis .    l - +5 battleaxe (freeze)
rCold   . . .      Faith    .    (shield currently unavailable)
rNeg    . . .      Spirit   +    k - +0 chain mail
rPois   .          Reflect  .    (helmet restricted)
rElec   .          Harm     .    (no cloak)
rCorr   .          Rampage  .    v - +0 pair of gloves
Will    .....                    (no boots)
Stlth   ..........               i - amulet of guardian spirit
HPRegen 0.23/turn                p - +4 ring of protection
MPRegen 0.12/turn                (no ring)

@: mighty
A: horns 2, retaliatory headbutt
a: Renounce Religion, Upheaval, Elemental Force


You were on level 8 of the Dungeon.
You worshipped Qazlal.
Qazlal was most pleased with you.
You visited 1 branch of the dungeon, and saw 8 of its levels.

You collected 439 gold pieces.

Inventory:

Hand Weapons
 a - a +0 war axe
 l - a +5 battleaxe of freezing (weapon)
   (You took it off a wight on level 6 of the Dungeon)
Missiles
 y - a throwing net (quivered)
Armour
 b - a +0 scale mail
 c - a +0 buckler
 k - a +0 chain mail (worn)
   (You found it on level 1 of the Dungeon)
 v - a +0 pair of gloves (worn)
   (You found it on level 3 of the Dungeon)
 x - a +0 kite shield
   (You found it on level 1 of the Dungeon)
Jewellery
 i - an amulet of guardian spirit (around neck)
   (You found it on level 1 of the Dungeon)
 p - a +4 ring of protection (left hand)
   (You found it on level 2 of the Dungeon)
Wands
 f - a wand of iceblast (8)
   (You found it on level 6 of the Dungeon)
 g - a wand of digging (3)
   (You found it on level 8 of the Dungeon)
 s - a wand of paralysis (7)
   (You found it on level 6 of the Dungeon)
Scrolls
 e - 2 scrolls of poison
 m - a scroll of blinking {unknown}
 n - a scroll of silence
 o - a scroll of vulnerability
 r - a scroll of identify
 t - 3 scrolls of teleportation
 A - a scroll of brand weapon
 D - a scroll of enchant weapon
 E - a scroll of enchant armour {unknown}
 F - a scroll of amnesia {unknown}
 G - a scroll of butterflies
 H - 2 scrolls of immolation
Potions
 d - 4 potions of might
 h - 4 potions of heal wounds {unknown}
 j - 4 potions of degeneration {unknown}
 q - a potion of mutation
 u - 3 potions of curing {unknown}
 w - a potion of invisibility {unknown}
 z - 2 potions of brilliance {unknown}
 B - 2 potions of lignification {unknown}
 C - a potion of flight {unknown}
 I - 2 potions of haste {unknown}


   Skills:
 + Level 8.5 Fighting
 * Level 11.2 Axes
 + Level 8.4 Armour
 + Level 3.1 Dodging
 - Level 3.6 Shields
 + Level 5.0 Invocations


You had 8 spell levels left.
You didn't know any spells.
Your spell library was empty.

Dungeon Overview and Level Annotations

Branches:
Dungeon (8/15)             Temple (0/1) D:7            Lair (0/5) D:8

Altars:
Cheibriados
Elyvilon
Fedhas
Qazlal
Wu Jian
Xom
Zin

Shops:
D:4 [   D:5 *

Annotations:
D:3 exclusion: oklob plant


Innate Abilities, Weirdness & Mutations

You have a pair of horns on your head.
You reflexively headbutt those who attack you in melee.


Message History

There is a stone staircase leading up here.
Okay, then.
You now have 413 gold pieces (gained 13).
Items here: (( )) ††.
G - a scroll of butterflies
Items here: ( )) †.
You see here a +2 short sword of electrocution.
You drop the +11 rapier "Jowud" {flame, rC+ rCorr Dex-3}.
Items here: (( )) ††.
B - 2 viscous ruby potions (gained 1)
r - a scroll of identify;
s - a wand of paralysis (7)
You see here 6 stones.
d - 5 potions of might (gained 1)
g - a wand of digging (3);
H - 2 scrolls of immolation You now have 425 gold pieces (gained 12).
Items here: (( )) ††.
There is a stone staircase leading up here.
You hear a shout! x3
An orc comes into view. It is wielding a +0 whip.
An orc is nearby!
An orc comes into view.
It is wielding a +0 falchion of freezing.
The orc shouts!
The orc closely misses you. You furiously retaliate!
You headbutt the orc!
You kill the orc!
Qazlal accepts your kill.
An orc wizard comes into view. It is wielding a +0 dagger.
The orc hits you but does no damage.
You see here a +0 whip.
You slash the orc! You freeze the orc.
You kill the orc!
Qazlal accepts your kill.
You hit the orc wizard. You freeze the orc wizard.
The orc wizard is heavily wounded.
The orc wizard casts a spell at you.
You easily resist.
The orc wizard hits you but does no damage.
You barely miss the orc wizard. You headbutt the orc wizard.
The orc wizard is severely wounded.
The orc wizard gestures at you while chanting.
The magic dart hits you but does no damage.
You miss the orc wizard.
The orc wizard is severely wounded.
The orc wizard closely misses you.
You closely miss the orc wizard. Your headbutt misses the orc wizard.
The orc wizard is severely wounded.
The orc wizard barely misses you. You furiously retaliate!
You headbutt the orc wizard!
You kill the orc wizard!
Qazlal accepts your kill.
No target in view!
No target in view!
Items here: )) [ †.
You see here a +0 whip.
t - 3 scrolls of teleportation (gained 1)
You hear a shout!
A centaur comes into view.
Found 2 green potions.
The centaur wields a +0 shortbow.
The centaur shoots an arrow.
The arrow barely misses you.
A centaur is nearby!
A centaur is nearby!
A centaur is nearby!
The centaur shoots an arrow.
The arrow hits you.
Found a stone staircase leading down.
The centaur shoots an arrow.
The arrow hits you but does no damage.
The centaur unwields a +0 shortbow.
The centaur hits you but does no damage.
The centaur kicks you but does no damage.
You slice the centaur!! You freeze the centaur!
You kill the centaur!
Qazlal accepts your kill.
No target in view!
No target in view!
No target in view!
No target in view!
No target in view!
Found 5 stones.
I - 2 green potions
Found 4 javelins.
You now have 439 gold pieces (gained 14).
You see here 4 javelins.
You see here a +0 falchion.
The fire dragon roars deafeningly!
A fire dragon is nearby!
The fire dragon breathes flames at you. The blast of flame hits you!!
Aiming: Paralyse
Press: ? - help, Shift-Dir - straight line, f - fire dragon
Aim: a fire dragon (chance to affect: 17%)
Okay, then.
You feel very mighty all of a sudden. The fire dragon breathes flames at you.
The blast of flame hits you!!!
Unknown command.
The fire dragon breathes flames at you. The blast of flame hits you!!
* * * LOW HITPOINT WARNING * * *
The fire dragon breathes flames at you. The blast of flame hits you!!!
Ouch! That really hurt!
You die...

#........≈§..≈≈≈.# .#...#
#........≈§≈≈≈≈..##.#...#
#........§≈≈≈...........#
#............(...##.....#
#############.......#...#
# ##......##...### #
####..###.......... #
##....###........... ##
#...D...@....####### .###
##...#####.)))#
..[#####..### #..<.#
##).........#####)...#
##....^..##..........#
.).####..###D........#
####
..........D..##......# ...
.#####...######......###.#
.# #.#.# ####.......)).#


You could see a fire dragon (catching breath).

Vanquished Creatures
  Psyche (D:8)
  A wyvern (D:7)
  A steam dragon (D:8)
  Menkaure (D:7)
  2 water moccasins (D:8)
  3 sky beasts
  2 orc warriors
  An ice beast (D:8)
  A black bear (D:7)
  2 ogres
  3 centaurs
  2 phantoms
  A kobold brigand (D:8)
  2 bullfrogs
  A necrophage (D:6)
  2 scorpions (D:6)
  9 wights
  A howler monkey (D:7)
  3 jellies
  3 orc priests
  A hound (D:7)
  2 gnoll boudas
  4 iguanas
  2 orc wizards
  11 adders
  8 gnolls
  5 white imps
  2 worms
  2 dart slugs
  19 orcs
  6 bats
  7 endoplasms
  A giant cockroach (D:3)
  8 hobgoblins
  3 jackals (D:4)
  15 kobolds
  A quokka (D:2)
  7 ball pythons
  5 frilled lizards
  9 goblins
  5 rats
165 creatures vanquished.

Vanquished Creatures (others)
  A gnoll (D:7)
1 creature vanquished.

Grand Total: 166 creatures vanquished

Notes
Turn   | Place    | Note
-------+----------+-------------------------------------------
     0 | D:1      | Flugkiller the Minotaur Fighter began the quest for the
                  | Orb.
     0 | D:1      | Reached XP level 1. HP: 19/19 MP: 0/0
   175 | D:1      | Reached skill level 3 in Axes
   175 | D:1      | Reached XP level 2. HP: 27/27 MP: 1/1
   568 | D:1      | Found a faded altar of an unknown god.
   975 | D:2      | Reached XP level 3. HP: 33/33 MP: 2/2
  1006 | D:2      | You fall into a shaft and drop 1 floor!
  1102 | D:3      | Identified the +11 rapier "Jowud" {flame, rC+ rCorr Dex-3}
  1127 | D:3      | Found a stormy altar of Qazlal.
  1139 | D:3      | Became a worshipper of Qazlal Stormbringer
  1263 | D:3      | Found an ornate altar of the Wu Jian Council.
  1300 | D:3      | Found a white marble altar of Elyvilon.
  1322 | D:3      | Reached skill level 4 in Axes
  1401 | D:3      | Reached XP level 4. HP: 40/40 MP: 3/3
  1620 | D:3      | Found a glowing silver altar of Zin.
  1647 | D:3      | Found a blossoming altar of Fedhas.
  1669 | D:3      | Noticed an oklob plant
  2563 | D:4      | Reached * piety under Qazlal
  2640 | D:4      | Reached XP level 5. HP: 46/47 MP: 4/4
  2650 | D:4      | Found a snail-covered altar of Cheibriados.
  2737 | D:4      | Reached skill level 5 in Axes
  2746 | D:4      | Noticed a phantom
  2754 | D:4      | Killed a phantom
  2755 | D:4      | Reached skill level 5 in Fighting
  2755 | D:4      | Reached skill level 5 in Armour
  2755 | D:4      | Reached XP level 6. HP: 52/56 MP: 5/5
  2976 | D:4      | Found Cyamaih's Antique Armour Shoppe.
  2984 | D:4      | Reached skill level 6 in Axes
  3395 | D:5      | Entered Level 5 of the Dungeon
  3519 | D:5      | Found Ciosmoug's CLEARANCE SALE!.
  3692 | D:5      | Reached XP level 7. HP: 35/61 MP: 6/6
  3913 | D:5      | Reached skill level 7 in Axes
  3923 | D:5      | Reached ** piety under Qazlal
  4178 | D:6      | Reached skill level 1 in Invocations
  4485 | D:6      | Reached skill level 8 in Axes
  4509 | D:6      | Reached XP level 8. HP: 71/71 MP: 8/8
  4860 | D:6      | Reached skill level 9 in Axes
  5369 | D:7      | HP: 2/73 [ogre/+0 giant club (21)]
  5701 | D:7      | Found a staircase to the Ecumenical Temple.
  5732 | D:7      | Reached XP level 9. HP: 79/79 MP: 10/10
  5809 | D:7      | Reached skill level 10 in Axes
  5828 | D:7      | Noticed Menkaure
  5833 | D:7      | Killed Menkaure
  5834 | D:7      | Reached skill level 1 in Dodging
  5849 | D:7      | Found a shimmering altar of Xom.
  6378 | D:8      | Noticed Psyche
  6420 | D:8      | Killed Psyche
  6420 | D:8      | Reached *** piety under Qazlal
  6421 | D:8      | Reached skill level 11 in Axes
  6520 | D:8      | Found a staircase to the Lair.
  6520 | D:8      | Noticed a fire dragon
  6643 | D:8      | Reached skill level 5 in Invocations
  6875 | D:8      | Killed from afar by a fire dragon

Illustrated notes

Levels and vault maps discovered:
D:1:      amcnicky_arrival_wind_blow, layout_loops_ring,
          hellmonk_ecumenical_altar_inner_sanctum, serial_park_tiny_pond
D:2:      layout_rooms
D:3:      layout_loops_ring, tgw_fedhas, grunt_qazlal_sundering,
          elyvilon_altar_1, lemuel_doored_altar,
          nicolae_wu_jian_immortal_techniques, chequers_garden
D:4:      layout_loops_ring, kennysheep_slug_shrine, serial_shops,
          nicolae_square_shop, grunt_ministairs_12, chequers_mini_garden,
          ebering_dispersal_statue_hall
D:5:      layout_loops_cross, serial_park_tiny_1, nicolae_shop_clearance
D:6:      layout_basic
D:7:      layout_cave_pools, mainiacjoe_overflow_chevrons,
          minmay_temple_entry_tees, uniq_menkaure
D:8:      layout_rooms, minmay_lair_entry_lava, uniq_psyche

Skill      XL: |  1  2  3  4  5  6  7  8  9 |
---------------+----------------------------+-----
Axes           | 3 4 5 6 8 9 11 | 11.2
Fighting       | 4 5 6 7 8 |  8.5
Armour         | 4 5 6 7 8 |  8.4
Invocations    | 2 3 5 |  5.0
Dodging        | 3 |  3.1
Shields        | |  3.6

Action                   |  1- 3 |  4- 6 |  7- 9 || total
-------------------------+-------+-------+-------++-------
Melee: War axe           |    64 |       |       ||    64
       Headbutt          |     6 |    15 |    30 ||    51
       Rapier            |    15 |   100 |    65 ||   180
       Battleaxe         |       |       |    90 ||    90
       Unarmed           |       |       |     3 ||     3
  Use: Scroll            |       |       |    12 ||    12
       Potion            |       |       |     1 ||     1
Armor: Scale mail        |    15 |       |       ||    15
       Chain mail        |    31 |    44 |   100 ||   175
       Skin              |       |       |     1 ||     1
Dodge: Dodged            |    25 |    31 |    54 ||   110
Block: Buckler           |    13 |    26 |    18 ||    57
       Other             |       |       |    15 ||    15

Table legend: (Time is in decaauts)
 A = Elapsed time spent in this place.
 B = Non-inter-level travel time spent in this place.
 C = Inter-level travel time spent in this place.
 D = Time resting spent in this place.
 E = Time spent auto-exploring this place.
 F = Levels seen in this place.
 G = Mean time per level.
                   A        B        C        D        E       F      G
               +--------+--------+--------+--------+--------+-----+--------+
         Total |   6953 |   6647 |    306 |    635 |   4932 |   8 |  869.1 |
       Dungeon |   6953 |   6647 |    306 |    635 |   4932 |   8 |  869.1 |
               +--------+--------+--------+--------+--------+-----+--------+

Top non-repeatable levels by time:
     D:6: 1389 daAuts
     D:3: 1033 daAuts
     D:1: 896 daAuts
     D:4: 856 daAuts
     D:7: 812 daAuts
     D:5: 734 daAuts
     D:2: 657 daAuts
     D:8: 572 daAuts
